 Dungeon Crawl Stone Soup version 0.23.2-30-g0e89c35649 (webtiles) character file.

Game seed: 15216584710913455283

47 Descartes the Grasshopper (level 3, -2/27 HPs)
             Began as a Demonspawn Warper on June 10, 2019.
             Slain by a jackal (3 damage)
             ... on level 2 of the Dungeon.
             The game lasted 00:03:44 (1566 turns).

Descartes the Grasshopper (Demonspawn Warper)       Turns: 1566, Time: 00:03:44

Health: -2/27      AC:  3    Str: 12    XL:     3   Next: 48%
Magic:  6/6        EV: 12    Int: 14    God:
Gold:   131        SH:  0    Dex: 12    Spells: 6/6 levels left

rFire    . . .     SeeInvis .   a - +0 hand axe
rCold    . . .     Gourm    .   (no shield)
rNeg     . . .     Faith    .   b - +0 leather armour
rPois    .         Spirit   .   (no helmet)
rElec    .         Reflect  .   (no cloak)
rCorr    .         Harm     .   (no gloves)
MR       .....                  (no boots)
Stlth    +.........             (no amulet)
HPRegen  0.09/turn              (no ring)
MPRegen  0.10/turn              (no ring)

@: lethally poisoned (-2 -> -5)
A: claws 1
a: no special abilities


You were on level 2 of the Dungeon.
You were hungry.

You visited 1 branch of the dungeon, and saw 2 of its levels.

You collected 131 gold pieces.

Inventory:

Hand Weapons
 a - a +0 hand axe (weapon)
 g - a +0 whip
 m - a +1 dagger of freezing
Missiles
 e - 5 tomahawks of dispersal (quivered)
 o - 7 javelins
Armour
 b - a +0 leather armour (worn)
Wands
 j - a wand of polymorph (9)
Scrolls
 d - a scroll of blinking
 h - a scroll of enchant armour {unknown}
 k - a scroll of teleportation {unknown}
 p - a scroll of remove curse {unknown}
Potions
 i - a potion of agility {unknown}
 l - a potion of ambrosia {unknown}
 n - a potion of curing {unknown}
Comestibles
 c - 2 chunks of flesh
 f - 4 rations


   Skills:
 + Level 2.2 Fighting
 + Level 2.0(2.1) Axes
 + Level 0.5(1.4) Maces & Flails
 - Level 0.8 Throwing
 * Level 1.8 Armour
 + Level 2.0 Dodging
 + Level 0.7 Stealth
 + Level 2.2 Spellcasting
   Level 2.6 Translocations


You had 6 spell levels left.
You didn't know any spells.
Your spell library contained the following spells:

 Spells                   Type           Power        Failure   Level  Hunger
 Blink                    Tloc           N/A          16%         2    ###....
 Shroud of Golubria       Chrm/Tloc      #.........   26%         2    ###....
 Gell's Gravitas          Tloc           #.........   30%         3    ###....
 Lesser Beckoning         Tloc           #.........   30%         3    ###....
 Teleport Other           Tloc           #.......     30%         3    ###....
 Passage of Golubria      Tloc           N/A          69%         4    #####..


Dungeon Overview and Level Annotations

Branches:
Dungeon (2/15)

Altars:


Innate Abilities, Weirdness & Mutations

You have sharp fingernails.


Message History

The jackal bites you.
You are feeling hungry.
The jackal bites you.
* * * LOW HITPOINT WARNING * * *
The adder bites you.
* * * LOW HITPOINT WARNING * * *
You are lethally poisoned!
The adder poisons you!
You hit the adder.
The adder is moderately wounded.
You hit the jackal.
* * * LOW HITPOINT WARNING * * *
You feel sick. The jackal bites you.
* * * LOW HITPOINT WARNING * * *
The adder closely misses you. The jackal closely misses you.
You hit the adder but do no damage.
The adder is moderately wounded.
You hit the jackal but do no damage. The adder completely misses you.
The jackal bites you.
You die...

#..........#.#######
#....#######.# #
#####....# #.# #
.........# #.# #
#####...# #.#######
#...# #........
#...# # #...##### #
#h@.....+ #
#S#.##### . #
...#... ....#####
..... ...# .........
....... ...#
....####. .......
...+ ...^....<
######. ...#
........ ## ####
........ ........


You could see an adder and a jackal.

Vanquished Creatures
  An ooze (D:1)
  3 dart slugs
  2 ball pythons
  5 goblins
  7 hobgoblins
  5 jackals
  4 kobolds (D:1)
  A bat (D:1)
  A frilled lizard (D:1)
  2 rats (D:1)
  2 plants (D:1)
33 creatures vanquished.

Notes
Turn   | Place    | Note
-------+----------+-------------------------------------------
     0 | D:1      | Descartes the Demonspawn Warper began the quest for the
                  | Orb.
     0 | D:1      | Reached XP level 1. HP: 16/16 MP: 3/3
   156 | D:1      | Reached skill level 1 in Armour
   195 | D:1      | Gained mutation: You have sharp fingernails. [demonic
                  | ancestry]
   195 | D:1      | Reached XP level 2. HP: 13/22 MP: 5/5
   811 | D:1      | Reached XP level 3. HP: 14/27 MP: 6/6
  1565 | D:2      | HP: 1/27 [jackal (1)]
  1566 | D:2      | Slain by a jackal

Skill      XL: |  1  2  3 |
---------------+----------+-----
Armour         | 1 |  1.8
Dodging        | 2 |  2.0
Axes           | 2 |  2.0
Fighting       | |  2.2
Maces & Flails | |  0.5
Throwing       | |  0.8
Stealth        | |  0.7
Spellcasting   | |  2.2
Translocations | |  2.6

Action                   || total
-------------------------++-------
Melee: Hand axe          ||   197
 Stab: Sleeping          ||     1
  Eat: Chunk             ||     2
Armor: Leather armour    ||    23
Dodge: Dodged            ||    85
